Kings vs Panthers

Created - March 23, 2020 at 19:00

Goals
1 2 3 T
Kings 0 1 2 3
Panthers 1 2 3 6
Shots
1 2 3 T
Kings 7 19 11 37
Panthers 7 12 14 33

1st period

1. Panthers , Drew Stafford 11 (Stephen Weiss 22, Erik Gudbranson 26) at 8:27

Penalties :
Marek Svatos (Flo) for Tripping (Minor) at 4:06

2nd period

2. Kings , Nikita Kucherov 15 (Anze Kopitar 44, Gabriel Landeskog 23) at 1:35 (PP)
3. Panthers , Taylor Chorney 4 (Chad Larose 15, Petr Mrazek) at 16:00 (PP)
4. Panthers , Travis Zajac 23 (David Booth 20, Taylor Chorney 20) at 19:40 (PP)

Penalties :
Jonathan Sigalet (Flo) for Holding Stick (Minor) at 0:03, Jonathan Sigalet (Flo) for Boarding (Minor) at 3:34, Blake Wheeler (LAK) for Holding (Minor) at 15:24, Darnell Nurse (LAK) for Hooking (Minor) at 16:45, Blake Wheeler (LAK) for High sticking (Minor) at 19:26

3rd period

5. Kings , Anze Kopitar 33 (Nikita Kucherov 24) at 8:47 (PP)
6. Panthers , David Booth 19 (Travis Zajac 17, Chad Larose 16) at 9:07
7. Panthers , Daniel Paille 6 (Kyle Wellwood 17, Patrick Eaves 7) at 10:11
8. Panthers , Matt Duchene 33 (Alex Galchenyuk 34, Marek Svatos 28) at 15:31
9. Kings , Blake Wheeler 12 (Vincent Lecavalier 15, Nick Leddy 10) at 19:04

Penalties :
Marek Svatos (Flo) for Delaying the game (Minor) at 0:03, Jonathan Sigalet (Flo) for Hooking (Minor) at 8:39, Darnell Nurse (LAK) for Tripping (Minor) at 11:51, Patrick Eaves (Flo) for Tripping (Minor) at 16:58

Goalie Stats

John Gibson (LAK), 27 saves from 33 shots - (0.818), L, 21-23-3, 60:00 minutes
Petr Mrazek (Flo), 34 saves from 37 shots - (0.919), W, 25-16-2, 60:00 minutes

Players Stats for Kings

Player Name              G  A  P  +/- PIM S  H  SB GA TA FO     MP     PP MP  PK MP  
------------------------------------------------------------------------------------
Adam Burish              0  0  0   0  0   1  1  1  1  0  0/0     9:13   0:02   1:02 
Anze Kopitar             1  1  2  -2  0   5  2  1  2  3  12/35  23:22   6:04   1:53 
Blake Wheeler            1  0  1   0  4   6  1  0  1  1  2/2    11:44   0:00   2:01 
Clarke MacArthur         0  0  0  -1  0   1  3  0  0  1  1/2    15:48   3:30   0:01 
Daniel Carcillo          0  0  0   0  0   5  0  0  0  0  0/1    11:15   0:02   2:56 
Darnell Nurse            0  0  0  -3  4   3  1  2  0  0  0/0    14:22   0:00   0:50 
Dougie Hamilton          0  0  0  -1  0   1  0  2  0  1  0/0    23:44   5:38   1:37 
Gabriel Landeskog        0  1  1  -2  0   3  3  1  0  0  1/1    22:09   6:04   0:40 
Gilbert Brule            0  0  0  -1  0   1  2  1  0  0  6/10   15:48   3:30   0:01 
Jeff Schultz             0  0  0  -1  0   0  0  0  0  1  0/0    20:43   0:23   3:14 
Justin Faulk             0  0  0   0  0   0  1  3  0  0  0/0    20:43   3:35   1:34 
Matt Martin              0  0  0   0  0   3  2  0  0  0  0/0     9:56   0:02   0:00 
Nick Leddy               0  1  1  -1  0   1  1  2  1  1  0/0    20:17   6:01   1:08 
Nikita Kucherov          1  1  2  -2  0   3  2  0  0  0  1/1    21:29   6:04   0:00 
Peter Regin              0  0  0   0  0   1  0  1  1  0  0/4     8:54   0:00   1:02 
Shea Weber               0  0  0   0  0   1  4  0  0  1  0/0    20:22   3:35   1:13 
Tomas Kopecky            0  0  0  -1  0   0  2  1  0  1  0/0    15:42   3:30   0:00 
Vincent Lecavalier       0  1  1   0  0   2  0  0  0  0  1/4     9:37   0:00   0:00 

Players Stats for Panthers

Player Name              G  A  P  +/- PIM S  H  SB GA TA FO     MP     PP MP  PK MP  
------------------------------------------------------------------------------------
Alex Galchenyuk          0  1  1   0  0   1  1  1  0  0  1/3    19:44   1:59   0:50 
Brandon Gormley          0  0  0   0  0   1  0  1  1  0  0/0    16:38   1:34   1:26 
Chad Larose              0  2  2   1  0   1  0  0  1  0  1/2    19:49   2:28   5:17 
Daniel Paille            1  0  1   1  0   3  0  0  0  1  0/0     7:01   0:21   0:00 
David Booth              1  1  2   1  0   4  0  0  1  0  1/1    14:32   2:28   0:00 
Drew Stafford            1  0  1   1  0   2  2  0  0  0  0/0    13:26   0:21   3:08 
Erik Gudbranson          0  1  1   2  0   2  2  3  3  2  0/0    29:31   3:09   5:09 
Jonathan Sigalet         0  0  0   1  6   1  1  1  0  0  0/0    25:53   1:39   3:01 
Kyle Wellwood            0  1  1   1  0   2  0  0  0  0  2/4    10:26   0:18   3:08 
Linus Omark              0  0  0   1  0   1  0  1  2  0  0/0    11:06   0:00   1:28 
Marek Svatos             0  1  1   1  4   2  1  0  0  0  0/0    18:45   1:59   0:00 
Matt Duchene             1  0  1   0  0   3  0  0  0  0  16/25  18:44   2:02   0:01 
Matt Irwin               0  0  0   2  0   0  0  0  0  0  0/0    10:25   0:00   0:00 
Patrick Eaves            0  1  1   0  2   0  1  0  1  0  0/0     6:46   0:00   0:00 
Stephen Weiss            0  1  1   1  0   1  1  0  1  2  0/2     9:37   0:00   0:00 
Steve Montador           0  0  0   0  0   3  1  1  0  0  0/0    16:21   0:00   4:28 
Taylor Chorney           1  1  2   1  0   3  3  1  0  1  0/0    21:29   3:14   5:08 
Travis Zajac             1  1  2   1  0   3  1  1  0  0  15/23  20:05   2:28   5:20 

3 Stars

1 - Taylor Chorney (Flo)
2 - Travis Zajac (Flo)
3 - David Booth (Flo)

Power Play

Kings - 2 on 6 Attempt(s) - 33.33%
Panthers - 2 on 4 Attempt(s) - 50.00%

Penalty Kill

Kings - 2 on 4 Attempt(s) - 50.00% - Score 0 goal in Penalty Kill
Panthers - 4 on 6 Attempt(s) - 66.67% - Score 0 goal in Penalty Kill

Team Stat

Kings - Hits : 25 - Faceoff Wins : 24 - Blocked Shots : 15 - Penalty Minutes : 8
Panthers - Hits : 14 - Faceoff Wins : 36 - Blocked Shots : 10 - Penalty Minutes : 12

Official

Referees : Unknown
Linesman : Unknown

Game Notes

No Game Note

Finance

Level 1 -- Attendance: 4846 (80.77%) -- Ticket Income $571,828
Level 2 -- Attendance: 3590 (71.80%) -- Ticket Income $251,300
Level 3 -- Attendance: 1554 (77.70%) -- Ticket Income $66,822
Level 4 -- Attendance: 2895 (72.38%) -- Ticket Income $98,430
Luxury Box -- Attendance: 742 (74.20%) -- Ticket Income $144,690
Game was played at the Bank Atlantic Cente.
Total Attendance: 13627 (75.71%)
Total Ticket Income: $1,133,070
Other Income: $169,960
Total Income: $1,303,030

Kings

5 vs 5 Forward 
   Center                   Left Wing                Right Wing               Time % Phy DF OF 
 1 Anze Kopitar             Gabriel Landeskog        Nikita Kucherov          40     1   2  2  
 2 Gilbert Brule            Clarke MacArthur         Tomas Kopecky            25     1   2  2  
 3 Vincent Lecavalier       Matt Martin              Blake Wheeler            20     1   2  2  
 4 Peter Regin              Daniel Carcillo          Adam Burish              15     1   2  2  

5 vs 5 Defense 
   Defense                  Defense                                           Time % Phy DF OF 
 1 Jeff Schultz             Dougie Hamilton                                   35     1   2  2  
 2 Justin Faulk             Shea Weber                                        35     1   2  2  
 3 Darnell Nurse            Nick Leddy                                        30     1   2  2  
 4 Darnell Nurse            Nick Leddy                                        0      1   2  2  

PowerPlay Forward 
   Center                   Left Wing                Right Wing               Time % Phy DF OF 
 1 Anze Kopitar             Gabriel Landeskog        Nikita Kucherov          60     1   2  2  
 2 Gilbert Brule            Clarke MacArthur         Tomas Kopecky            40     1   2  2  

PowerPlay Defense
   Defense                  Defense                                           Time % Phy DF OF 
 1 Dougie Hamilton          Nick Leddy                                        60     1   2  2  
 2 Shea Weber               Justin Faulk                                      40     1   2  2  

Penalty Kill 4 Players Forward 
   Center                   Wing                     Time % Phy DF OF 
 1 Blake Wheeler            Daniel Carcillo          60     1   2  2  
 2 Peter Regin              Adam Burish              40     1   2  2  

Penalty Kill 4 Players Defense
   Defense                  Defense                  Time % Phy DF OF 
 1 Jeff Schultz             Darnell Nurse            60     1   2  2  
 2 Justin Faulk             Shea Weber               40     1   2  2  

Penalty Kill - 3 Players Forward 
   Forward                                           Time % Phy DF OF 
 1 Blake Wheeler                                     60     1   2  2  
 2 Gabriel Landeskog                                 40     1   2  2  

Penalty Kill - 3 Players Defense
   Defense                  Defense                  Time % Phy DF OF 
 1 Jeff Schultz             Darnell Nurse            60     1   2  2  
 2 Shea Weber               Justin Faulk             40     1   2  2  

4 vs 4 Forward 
   Center                   Wing                     Time % Phy DF OF 
 1 Anze Kopitar             Nikita Kucherov          60     1   2  2  
 2 Gabriel Landeskog        Vincent Lecavalier       40     1   2  2  

4 vs 4 Defense
   Defense                  Defense                  Time % Phy DF OF 
 1 Shea Weber               Jeff Schultz             60     1   2  2  
 2 Darnell Nurse            Dougie Hamilton          40     1   2  2  

Last Minutes Offensive
   Center                   Left Wing                Right Wing               Defense                  Defense                  
   Anze Kopitar             Gabriel Landeskog        Nikita Kucherov          Dougie Hamilton          Nick Leddy               

Last Minutes Defensive
   Center                   Left Wing                Right Wing               Defense                  Defense                  
   Anze Kopitar             Gabriel Landeskog        Blake Wheeler            Jeff Schultz             Darnell Nurse            

Goaltenders
Starting : John Gibson              
Backup : Jaroslav Halak           

Extra Forwards
Normal : Gabriel Landeskog, Matt Martin, Clarke MacArthur - PP : Matt Martin, Daniel Carcillo - PK : Anze Kopitar
Extra Defensemen
Normal : Jeff Schultz, Darnell Nurse, Shea Weber - PP : Jeff Schultz - PK : Dougie Hamilton, Nick Leddy
Penalty Shots
Anze Kopitar, Clarke MacArthur, Vincent Lecavalier, Nikita Kucherov, Gilbert Brule

Scratches
None

Panthers

5 vs 5 Forward 
   Center                   Left Wing                Right Wing               Time % Phy DF OF 
 1 Matt Duchene             Alex Galchenyuk          Marek Svatos             40     0   2  3  
 2 Travis Zajac             David Booth              Chad Larose              30     0   2  3  
 3 Stephen Weiss            Linus Omark              Drew Stafford            20     0   3  2  
 4 Kyle Wellwood            Daniel Paille            Patrick Eaves            10     1   2  2  

5 vs 5 Defense 
   Defense                  Defense                                           Time % Phy DF OF 
 1 Erik Gudbranson          Jonathan Sigalet                                  40     0   2  3  
 2 Taylor Chorney           Brandon Gormley                                   30     0   2  3  
 3 Steve Montador           Matt Irwin                                        20     0   3  2  
 4 Erik Gudbranson          Jonathan Sigalet                                  10     0   2  3  

PowerPlay Forward 
   Center                   Left Wing                Right Wing               Time % Phy DF OF 
 1 Matt Duchene             Alex Galchenyuk          Marek Svatos             60     0   1  4  
 2 Travis Zajac             David Booth              Chad Larose              40     0   1  4  

PowerPlay Defense
   Defense                  Defense                                           Time % Phy DF OF 
 1 Erik Gudbranson          Taylor Chorney                                    60     0   2  3  
 2 Jonathan Sigalet         Brandon Gormley                                   40     0   2  3  

Penalty Kill 4 Players Forward 
   Center                   Wing                     Time % Phy DF OF 
 1 Travis Zajac             Chad Larose              60     1   3  1  
 2 Kyle Wellwood            Drew Stafford            40     1   3  1  

Penalty Kill 4 Players Defense
   Defense                  Defense                  Time % Phy DF OF 
 1 Erik Gudbranson          Taylor Chorney           60     1   4  0  
 2 Jonathan Sigalet         Steve Montador           40     1   4  0  

Penalty Kill - 3 Players Forward 
   Forward                                           Time % Phy DF OF 
 1 Chad Larose                                       60     1   3  1  
 2 Drew Stafford                                     40     1   3  1  

Penalty Kill - 3 Players Defense
   Defense                  Defense                  Time % Phy DF OF 
 1 Erik Gudbranson          Taylor Chorney           60     1   4  0  
 2 Jonathan Sigalet         Steve Montador           40     1   4  0  

4 vs 4 Forward 
   Center                   Wing                     Time % Phy DF OF 
 1 Matt Duchene             Alex Galchenyuk          60     0   2  3  
 2 Travis Zajac             David Booth              40     0   2  3  

4 vs 4 Defense
   Defense                  Defense                  Time % Phy DF OF 
 1 Erik Gudbranson          Jonathan Sigalet         60     0   2  3  
 2 Taylor Chorney           Brandon Gormley          40     1   2  2  

Last Minutes Offensive
   Center                   Left Wing                Right Wing               Defense                  Defense                  
   Matt Duchene             Alex Galchenyuk          Marek Svatos             Erik Gudbranson          Jonathan Sigalet         

Last Minutes Defensive
   Center                   Left Wing                Right Wing               Defense                  Defense                  
   Travis Zajac             Linus Omark              Chad Larose              Erik Gudbranson          Taylor Chorney           

Goaltenders
Starting : Petr Mrazek              
Backup : Braden Holtby            

Extra Forwards
Normal : David Booth, Alex Galchenyuk, Matt Duchene - PP : David Booth, Alex Galchenyuk - PK : Linus Omark
Extra Defensemen
Normal : Brandon Gormley, Taylor Chorney, Erik Gudbranson - PP : Brandon Gormley - PK : Brandon Gormley, Taylor Chorney
Penalty Shots
Alex Galchenyuk, Kyle Wellwood, Daniel Paille, Travis Zajac, David Booth

Scratches
Christian Ehrhoff (Healthy), Lubomir Visnovsky (Healthy)

% Time on Ice - Kings

Lines # - Real PCT - Wanted PCT - Time Play
Normal Forward
1 - 35% - 40% - 15:55
2 - 27% - 25% - 12:12
3 - 21% - 20% - 9:37
4 - 17% - 15% - 7:52
Normal Defense
1 - 37% - 35% - 16:41
2 - 34% - 35% - 15:34
3 - 29% - 30% - 13:21
4 - 0% - 0% - 0:00
PP Forward
1 - 64% - 60% - 6:06
2 - 36% - 40% - 3:30
PP Defense
1 - 63% - 60% - 6:01
2 - 37% - 40% - 3:35
PK Forward
1 - 78% - 60% - 3:46
2 - 22% - 40% - 1:02
PK Defense
1 - 75% - 60% - 3:35
2 - 25% - 40% - 1:13
PK3 Forward
1 - 0% - 60%
2 - 0% - 40%
PK3 Defense
1 - 0% - 60%
2 - 0% - 40%
44 Forward
1 - 0% - 60%
2 - 0% - 40%
44 Defense
1 - 0% - 60%
2 - 0% - 40%
Last Minute Offensive  - 0:00
Last Minute Defensive  - 0:00
Total
Forward - 60:00
Defense - 60:00

% Time on Ice - Panthers

Lines # - Real PCT - Wanted PCT - Time Play
Normal Forward
1 - 37% - 40% - 16:55
2 - 27% - 30% - 12:24
3 - 21% - 20% - 9:37
4 - 15% - 10% - 6:40
Normal Defense
1 - 42% - 40% - 19:03
2 - 32% - 30% - 14:33
3 - 23% - 20% - 10:25
4 - 3% - 10% - 1:35
PP Forward
1 - 49% - 60% - 2:20
2 - 51% - 40% - 2:28
PP Defense
1 - 67% - 60% - 3:14
2 - 33% - 40% - 1:34
PK Forward
1 - 67% - 60% - 6:28
2 - 33% - 40% - 3:08
PK Defense
1 - 53% - 60% - 5:08
2 - 47% - 40% - 4:28
PK3 Forward
1 - 0% - 60%
2 - 0% - 40%
PK3 Defense
1 - 0% - 60%
2 - 0% - 40%
44 Forward
1 - 0% - 60%
2 - 0% - 40%
44 Defense
1 - 0% - 60%
2 - 0% - 40%
Last Minute Offensive  - 0:00
Last Minute Defensive  - 0:00
Total
Forward - 60:00
Defense - 60:00

Play-by-Play

1st period


0:01 of 1st period - Matt Duchene wins face-off versus Anze Kopitar in neutral zone.
0:08 of 1st period - Snap shot by Marek Svatos.
0:08 of 1st period - Stopped by John Gibson without a rebound.
0:09 of 1st period - Gabriel Landeskog wins face-off versus Matt Duchene in Kings zone.
0:16 of 1st period - Wrist shot by Nikita Kucherov.
0:16 of 1st period - Shot Blocked by Jonathan Sigalet.
0:26 of 1st period - Wrist shot by Anze Kopitar.
0:26 of 1st period - Stopped by Petr Mrazek with a rebound.
0:28 of 1st period - Wrist shot by Anze Kopitar.
0:28 of 1st period - Stopped by Petr Mrazek without a rebound.
0:29 of 1st period - David Booth wins face-off versus Gilbert Brule in Panthers zone.
0:56 of 1st period - Linus Omark is hit by Adam Burish and loses puck.
1:17 of 1st period - Matt Irwin is hit by Shea Weber and loses puck.
1:38 of 1st period - Alex Galchenyuk is hit by Nikita Kucherov.
2:27 of 1st period - Off-side.
2:28 of 1st period - Matt Duchene wins face-off versus Anze Kopitar in neutral zone.
2:31 of 1st period - Wrist shot by Marek Svatos.
2:31 of 1st period - Shot Misses the Net.
2:33 of 1st period - Slapshot by Brandon Gormley.
2:33 of 1st period - Shot Blocked by Darnell Nurse.
2:35 of 1st period - Slapshot by Taylor Chorney.
2:35 of 1st period - Shot Misses the Net.
3:26 of 1st period - Taylor Chorney is hit by Gilbert Brule and loses puck.
3:49 of 1st period - Slapshot by Daniel Carcillo.
3:49 of 1st period - Stopped by Petr Mrazek with a rebound.
4:06 of 1st period - Minor Penalty to Marek Svatos for Tripping.
4:07 of 1st period - Anze Kopitar wins face-off versus Travis Zajac in Panthers zone.
5:03 of 1st period - Wrist shot by Nikita Kucherov.
5:03 of 1st period - Shot Misses the Net.
5:05 of 1st period - Snap shot by Gabriel Landeskog.
5:05 of 1st period - Shot Misses the Net.
5:23 of 1st period - Erik Gudbranson is hit by Anze Kopitar and loses puck.
6:06 of 1st period - Penalty to Marek Svatos is over, Marek Svatos is back on ice.
7:29 of 1st period - Justin Faulk is hit by Taylor Chorney and loses puck.
8:27 of 1st period - Snap shot by Drew Stafford.
8:27 of 1st period - Goal by Drew Stafford - Kings : 0 - Panthers : 1.
8:28 of 1st period - Gilbert Brule wins face-off versus Matt Duchene in neutral zone.
8:31 of 1st period - Marek Svatos is hit by Nick Leddy.
8:37 of 1st period - Snap shot by Matt Duchene.
8:37 of 1st period - Stopped by John Gibson with a rebound.
9:06 of 1st period - Snap shot by Kyle Wellwood.
9:06 of 1st period - Stopped by John Gibson with a rebound.
9:25 of 1st period - Snap shot by David Booth.
9:25 of 1st period - Stopped by John Gibson with a rebound.
9:37 of 1st period - Wrist shot by Daniel Carcillo.
9:37 of 1st period - Shot Misses the Net.
9:41 of 1st period - Backhand shot by Daniel Carcillo.
9:41 of 1st period - Stopped by Petr Mrazek without a rebound.
9:42 of 1st period - Matt Duchene wins face-off versus Peter Regin in Panthers zone.
10:34 of 1st period - Snap shot by Anze Kopitar.
10:34 of 1st period - Shot Blocked by Erik Gudbranson.
10:42 of 1st period - Snap shot by Nikita Kucherov.
10:42 of 1st period - Shot Misses the Net.
12:19 of 1st period - Blake Wheeler is hit by Alex Galchenyuk and loses puck.
12:42 of 1st period - Snap shot by Nikita Kucherov.
12:42 of 1st period - Deflect By Gabriel Landeskog.
12:42 of 1st period - Shot Misses the Net.
12:42 of 1st period - Puck is out of play.
12:43 of 1st period - Travis Zajac wins face-off versus Anze Kopitar in Panthers zone.
12:56 of 1st period - Gabriel Landeskog is hit by Travis Zajac and loses puck.
14:14 of 1st period - Anze Kopitar is hit by Drew Stafford and loses puck.
15:30 of 1st period - Wrist shot by Nikita Kucherov.
15:30 of 1st period - Shot Misses the Net.
16:41 of 1st period - Wrist shot by Matt Martin.
16:41 of 1st period - Shot Blocked by Taylor Chorney.
16:43 of 1st period - Slapshot by Darnell Nurse.
16:43 of 1st period - Stopped by Petr Mrazek with a rebound.
16:45 of 1st period - Slapshot by Darnell Nurse.
16:45 of 1st period - Stopped by Petr Mrazek without a rebound.
16:46 of 1st period - Anze Kopitar wins face-off versus Matt Duchene in Panthers zone.
17:40 of 1st period - Snap shot by Drew Stafford.
17:40 of 1st period - Stopped by John Gibson without a rebound.
17:41 of 1st period - Anze Kopitar wins face-off versus Stephen Weiss in Kings zone.
18:13 of 1st period - Snap shot by Stephen Weiss.
18:13 of 1st period - Stopped by John Gibson with a rebound.
19:16 of 1st period - Snap shot by Anze Kopitar.
19:16 of 1st period - Stopped by Petr Mrazek with a rebound.
19:38 of 1st period - Brandon Gormley is hit by Clarke MacArthur and loses puck.
Goals for this period are 0 for Kings vs 1 for Panthers.
Shots for this period are 7 for Kings vs 7 for Panthers.

2nd period


0:01 of 2nd period - Matt Duchene wins face-off versus Anze Kopitar in neutral zone.
0:03 of 2nd period - Minor Penalty to Jonathan Sigalet for Holding Stick.
0:04 of 2nd period - Travis Zajac wins face-off versus Anze Kopitar in Panthers zone.
0:04 of 2nd period - Travis Zajac is hit by Gabriel Landeskog.
0:13 of 2nd period - Erik Gudbranson is hit by Gabriel Landeskog and loses puck.
0:42 of 2nd period - Snap shot by Drew Stafford.
0:42 of 2nd period - Deflect By Kyle Wellwood.
0:42 of 2nd period - Shot Misses the Net.
0:42 of 2nd period - Puck is out of play.
0:43 of 2nd period - Gilbert Brule wins face-off versus Kyle Wellwood in Kings zone.
1:16 of 2nd period - Wrist shot by Erik Gudbranson.
1:16 of 2nd period - Stopped by John Gibson with a rebound.
1:18 of 2nd period - Slapshot by Taylor Chorney.
1:18 of 2nd period - Stopped by John Gibson without a rebound.
1:19 of 2nd period - Anze Kopitar wins face-off versus Travis Zajac in Kings zone.
1:19 of 2nd period - Anze Kopitar is hit by Taylor Chorney.
1:33 of 2nd period - Wrist shot by Nikita Kucherov.
1:33 of 2nd period - Stopped by Petr Mrazek with a rebound.
1:35 of 2nd period - Snap shot by Nikita Kucherov.
1:35 of 2nd period - Goal by Nikita Kucherov - Kings : 1 - Panthers : 1.
1:36 of 2nd period - Anze Kopitar wins face-off versus Alex Galchenyuk in neutral zone.
2:12 of 2nd period - Snap shot by Matt Martin.
2:12 of 2nd period - Shot Blocked by Steve Montador.
2:38 of 2nd period - Matt Irwin is hit by Tomas Kopecky and loses puck.
2:57 of 2nd period - Slapshot by Stephen Weiss.
2:57 of 2nd period - Shot Misses the Net.
2:59 of 2nd period - Wrist shot by Drew Stafford.
2:59 of 2nd period - Shot Blocked by Justin Faulk.
3:01 of 2nd period - Slapshot by Linus Omark.
3:01 of 2nd period - Stopped by John Gibson without a rebound.
3:02 of 2nd period - Matt Duchene wins face-off versus Gilbert Brule in Kings zone.
3:07 of 2nd period - Snap shot by Marek Svatos.
3:07 of 2nd period - Shot Misses the Net.
3:34 of 2nd period - Minor Penalty to Jonathan Sigalet for Boarding.
3:35 of 2nd period - Travis Zajac wins face-off versus Anze Kopitar in Panthers zone.
3:35 of 2nd period - Travis Zajac is hit by Gabriel Landeskog.
5:34 of 2nd period - Penalty to Jonathan Sigalet is over, Jonathan Sigalet is back on ice.
5:38 of 2nd period - Drew Stafford is hit by Justin Faulk and loses puck.
5:43 of 2nd period - Wrist shot by Matt Martin.
5:43 of 2nd period - Stopped by Petr Mrazek with a rebound.
6:44 of 2nd period - Slapshot by Brandon Gormley.
6:44 of 2nd period - Stopped by John Gibson without a rebound.
6:45 of 2nd period - Travis Zajac wins face-off versus Peter Regin in Kings zone.
6:52 of 2nd period - Snap shot by Daniel Carcillo.
6:52 of 2nd period - Shot Misses the Net.
6:54 of 2nd period - Slapshot by Shea Weber.
6:54 of 2nd period - Shot Blocked by Erik Gudbranson.
7:06 of 2nd period - Slapshot by Gabriel Landeskog.
7:06 of 2nd period - Stopped by Petr Mrazek without a rebound.
7:07 of 2nd period - Matt Duchene wins face-off versus Anze Kopitar in Panthers zone.
7:41 of 2nd period - Snap shot by Gilbert Brule.
7:41 of 2nd period - Shot Misses the Net.
7:57 of 2nd period - Slapshot by Blake Wheeler.
7:57 of 2nd period - Stopped by Petr Mrazek without a rebound.
7:58 of 2nd period - Vincent Lecavalier wins face-off versus Stephen Weiss in Panthers zone.
7:59 of 2nd period - Snap shot by Blake Wheeler.
7:59 of 2nd period - Shot Misses the Net.
8:01 of 2nd period - Slapshot by Dougie Hamilton.
8:01 of 2nd period - Stopped by Petr Mrazek with a rebound.
8:03 of 2nd period - Snap shot by Vincent Lecavalier.
8:03 of 2nd period - Deflect By Matt Martin.
8:03 of 2nd period - Shot Blocked by Linus Omark.
8:03 of 2nd period - Puck is out of play.
8:04 of 2nd period - Matt Duchene wins face-off versus Anze Kopitar in Panthers zone.
8:42 of 2nd period - Snap shot by Gabriel Landeskog.
8:42 of 2nd period - Deflect By Matt Duchene.
8:42 of 2nd period - Stopped by Petr Mrazek with a rebound.
8:54 of 2nd period - Snap shot by Matt Duchene.
8:54 of 2nd period - Stopped by John Gibson with a rebound.
8:56 of 2nd period - Slapshot by Jonathan Sigalet.
8:56 of 2nd period - Shot Blocked by Dougie Hamilton.
8:58 of 2nd period - Wrist shot by Matt Duchene.
8:58 of 2nd period - Shot Misses the Net.
9:00 of 2nd period - Snap shot by Erik Gudbranson.
9:00 of 2nd period - Stopped by John Gibson without a rebound.
9:01 of 2nd period - Travis Zajac wins face-off versus Gilbert Brule in Kings zone.
9:02 of 2nd period - Snap shot by David Booth.
9:02 of 2nd period - Shot Blocked by Gilbert Brule.
9:04 of 2nd period - Slapshot by Travis Zajac.
9:04 of 2nd period - Shot Misses the Net.
9:06 of 2nd period - Snap shot by Chad Larose.
9:06 of 2nd period - Deflect By Shea Weber.
9:06 of 2nd period - Shot Blocked by Justin Faulk.
9:06 of 2nd period - Puck is out of play.
9:07 of 2nd period - Travis Zajac wins face-off versus Gilbert Brule in Kings zone.
9:17 of 2nd period - Snap shot by David Booth.
9:17 of 2nd period - Shot Misses the Net.
9:19 of 2nd period - Snap shot by David Booth.
9:19 of 2nd period - Shot Misses the Net.
9:21 of 2nd period - Wrist shot by Chad Larose.
9:21 of 2nd period - Shot Misses the Net.
9:23 of 2nd period - Wrist shot by David Booth.
9:23 of 2nd period - Stopped by John Gibson with a rebound.
9:38 of 2nd period - Off-side.
9:39 of 2nd period - Anze Kopitar wins face-off versus Kyle Wellwood in neutral zone.
9:43 of 2nd period - Icing by Nikita Kucherov.
9:44 of 2nd period - Matt Duchene wins face-off versus Anze Kopitar in Kings zone.
9:59 of 2nd period - Wrist shot by Marek Svatos.
9:59 of 2nd period - Shot Misses the Net.
10:01 of 2nd period - Wrist shot by Marek Svatos.
10:01 of 2nd period - Stopped by John Gibson without a rebound.
10:02 of 2nd period - Travis Zajac wins face-off versus Vincent Lecavalier in Kings zone.
10:19 of 2nd period - Wrist shot by Travis Zajac.
10:19 of 2nd period - Shot Hit the Post.
10:29 of 2nd period - Vincent Lecavalier is hit by Stephen Weiss and loses puck.
10:52 of 2nd period - Wrist shot by Matt Martin.
10:52 of 2nd period - Shot Misses the Net.
10:54 of 2nd period - Wrist shot by Darnell Nurse.
10:54 of 2nd period - Shot Misses the Net.
10:56 of 2nd period - Snap shot by Matt Martin.
10:56 of 2nd period - Stopped by Petr Mrazek with a rebound.
10:58 of 2nd period - Snap shot by Shea Weber.
10:58 of 2nd period - Stopped by Petr Mrazek without a rebound.
10:59 of 2nd period - Travis Zajac wins face-off versus Anze Kopitar in Panthers zone.
12:25 of 2nd period - Backhand shot by Steve Montador.
12:25 of 2nd period - Stopped by John Gibson without a rebound.
12:26 of 2nd period - Travis Zajac wins face-off versus Clarke MacArthur in Kings zone.
12:48 of 2nd period - Slapshot by Nick Leddy.
12:48 of 2nd period - Stopped by Petr Mrazek without a rebound.
12:49 of 2nd period - Anze Kopitar wins face-off versus Matt Duchene in Panthers zone.
12:50 of 2nd period - Snap shot by Gabriel Landeskog.
12:50 of 2nd period - Shot Blocked by Brandon Gormley.
12:52 of 2nd period - Backhand shot by Jeff Schultz.
12:52 of 2nd period - Shot Blocked by Alex Galchenyuk.
13:18 of 2nd period - Snap shot by Blake Wheeler.
13:18 of 2nd period - Stopped by Petr Mrazek with a rebound.
13:20 of 2nd period - Wrist shot by Blake Wheeler.
13:20 of 2nd period - Stopped by Petr Mrazek with a rebound.
13:22 of 2nd period - Wrist shot by Vincent Lecavalier.
13:22 of 2nd period - Stopped by Petr Mrazek without a rebound.
13:23 of 2nd period - Travis Zajac wins face-off versus Vincent Lecavalier in Panthers zone.
13:33 of 2nd period - Wrist shot by Vincent Lecavalier.
13:33 of 2nd period - Shot Hit the Post.
13:35 of 2nd period - Slapshot by Matt Martin.
13:35 of 2nd period - Stopped by Petr Mrazek with a rebound.
13:37 of 2nd period - Snap shot by Vincent Lecavalier.
13:37 of 2nd period - Shot Misses the Net.
13:39 of 2nd period - Wrist shot by Blake Wheeler.
13:39 of 2nd period - Shot Blocked by Travis Zajac.
13:41 of 2nd period - Snap shot by Blake Wheeler.
13:41 of 2nd period - Stopped by Petr Mrazek without a rebound.
13:42 of 2nd period - Anze Kopitar wins face-off versus Matt Duchene in Panthers zone.
13:43 of 2nd period - Backhand shot by Gabriel Landeskog.
13:43 of 2nd period - Stopped by Petr Mrazek without a rebound.
13:44 of 2nd period - Matt Duchene wins face-off versus Anze Kopitar in Panthers zone.
13:44 of 2nd period - Matt Duchene is hit by Nikita Kucherov.
14:22 of 2nd period - Snap shot by David Booth.
14:22 of 2nd period - Shot Blocked by Tomas Kopecky.
14:38 of 2nd period - Snap shot by Daniel Carcillo.
14:38 of 2nd period - Stopped by Petr Mrazek with a rebound.
14:40 of 2nd period - Slapshot by Darnell Nurse.
14:40 of 2nd period - Stopped by Petr Mrazek without a rebound.
14:41 of 2nd period - Anze Kopitar wins face-off versus Matt Duchene in Panthers zone.
14:54 of 2nd period - Nikita Kucherov is hit by Marek Svatos and loses puck.
15:07 of 2nd period - David Booth is hit by Matt Martin and loses puck.
15:24 of 2nd period - Minor Penalty to Blake Wheeler for Holding.
15:25 of 2nd period - Matt Duchene wins face-off versus Daniel Carcillo in Kings zone.
16:00 of 2nd period - Slapshot by Taylor Chorney.
16:00 of 2nd period - Goal by Taylor Chorney - Kings : 1 - Panthers : 2.
16:01 of 2nd period - Matt Duchene wins face-off versus Anze Kopitar in neutral zone.
16:04 of 2nd period - Nikita Kucherov is hit by Erik Gudbranson and loses puck.
16:16 of 2nd period - Icing by Erik Gudbranson.
16:17 of 2nd period - Clarke MacArthur wins face-off versus Matt Duchene in Panthers zone.
16:45 of 2nd period - Minor Penalty to Darnell Nurse for Hooking.
16:46 of 2nd period - Blake Wheeler wins face-off versus Chad Larose in Kings zone.
16:46 of 2nd period - Blake Wheeler is hit by Erik Gudbranson.
17:02 of 2nd period - Snap shot by Blake Wheeler.
17:02 of 2nd period - Stopped by Petr Mrazek with a rebound.
17:16 of 2nd period - Wrist shot by Alex Galchenyuk.
17:16 of 2nd period - Stopped by John Gibson with a rebound.
17:26 of 2nd period - Wrist shot by Matt Duchene.
17:26 of 2nd period - Shot Misses the Net.
18:10 of 2nd period - Marek Svatos is hit by Shea Weber.
18:45 of 2nd period - Penalty to Darnell Nurse is over, Darnell Nurse is back on ice.
18:57 of 2nd period - Stephen Weiss is hit by Clarke MacArthur and loses puck.
19:13 of 2nd period - Brandon Gormley is hit by Darnell Nurse.
19:26 of 2nd period - Minor Penalty to Blake Wheeler for High sticking.
19:27 of 2nd period - Anze Kopitar wins face-off versus Travis Zajac in Kings zone.
19:40 of 2nd period - Wrist shot by Travis Zajac.
19:40 of 2nd period - Goal by Travis Zajac - Kings : 1 - Panthers : 3.
19:41 of 2nd period - Anze Kopitar wins face-off versus Alex Galchenyuk in neutral zone.
19:44 of 2nd period - Slapshot by Shea Weber.
19:44 of 2nd period - Shot Hit the Post.
19:56 of 2nd period - Snap shot by Nikita Kucherov.
19:56 of 2nd period - Shot Blocked by Erik Gudbranson.
19:58 of 2nd period - Wrist shot by Nikita Kucherov.
19:58 of 2nd period - Shot Misses the Net.
Goals for this period are 1 for Kings vs 2 for Panthers.
Shots for this period are 19 for Kings vs 12 for Panthers.

3rd period


0:01 of 3rd period - Alex Galchenyuk wins face-off versus Anze Kopitar in neutral zone.
0:03 of 3rd period - Minor Penalty to Marek Svatos for Delaying the game.
0:04 of 3rd period - Travis Zajac wins face-off versus Anze Kopitar in Panthers zone.
1:11 of 3rd period - Jonathan Sigalet is hit by Clarke MacArthur.
2:03 of 3rd period - Penalty to Marek Svatos is over, Marek Svatos is back on ice.
2:11 of 3rd period - Slapshot by Erik Gudbranson.
2:11 of 3rd period - Shot Blocked by Nick Leddy.
2:21 of 3rd period - Marek Svatos is hit by Matt Martin and loses puck.
2:45 of 3rd period - Icing by Peter Regin.
2:46 of 3rd period - Kyle Wellwood wins face-off versus Peter Regin in Kings zone.
2:59 of 3rd period - Snap shot by Kyle Wellwood.
2:59 of 3rd period - Shot Blocked by Peter Regin.
3:01 of 3rd period - Slapshot by Taylor Chorney.
3:01 of 3rd period - Stopped by John Gibson with a rebound.
3:24 of 3rd period - Snap shot by Anze Kopitar.
3:24 of 3rd period - Stopped by Petr Mrazek without a rebound.
3:25 of 3rd period - Gilbert Brule wins face-off versus Travis Zajac in Panthers zone.
4:04 of 3rd period - Slapshot by Matt Duchene.
4:04 of 3rd period - Shot Blocked by Gabriel Landeskog.
4:16 of 3rd period - Wrist shot by Vincent Lecavalier.
4:16 of 3rd period - Stopped by Petr Mrazek with a rebound.
5:04 of 3rd period - Snap shot by Travis Zajac.
5:04 of 3rd period - Shot Hit the Post.
5:06 of 3rd period - Snap shot by Travis Zajac.
5:06 of 3rd period - Shot Blocked by Justin Faulk.
6:01 of 3rd period - Snap shot by Daniel Carcillo.
6:01 of 3rd period - Stopped by Petr Mrazek without a rebound.
6:02 of 3rd period - Kyle Wellwood wins face-off versus Peter Regin in Panthers zone.
6:02 of 3rd period - Kyle Wellwood is hit by Shea Weber.
6:15 of 3rd period - Shea Weber is hit by Steve Montador and loses puck.
6:58 of 3rd period - Snap shot by Peter Regin.
6:58 of 3rd period - Stopped by Petr Mrazek without a rebound.
6:59 of 3rd period - Matt Duchene wins face-off versus Anze Kopitar in Panthers zone.
7:30 of 3rd period - Wrist shot by Travis Zajac.
7:30 of 3rd period - Stopped by John Gibson with a rebound.
7:32 of 3rd period - Slapshot by Steve Montador.
7:32 of 3rd period - Stopped by John Gibson with a rebound.
7:34 of 3rd period - Wrist shot by Chad Larose.
7:34 of 3rd period - Stopped by John Gibson with a rebound.
7:36 of 3rd period - Snap shot by Steve Montador.
7:36 of 3rd period - Stopped by John Gibson without a rebound.
7:37 of 3rd period - Gilbert Brule wins face-off versus Travis Zajac in Kings zone.
7:49 of 3rd period - Off-side.
7:50 of 3rd period - Matt Duchene wins face-off versus Anze Kopitar in neutral zone.
8:03 of 3rd period - Slapshot by Matt Duchene.
8:03 of 3rd period - Shot Misses the Net.
8:39 of 3rd period - Minor Penalty to Jonathan Sigalet for Hooking.
8:40 of 3rd period - Nikita Kucherov wins face-off versus Travis Zajac in Panthers zone.
8:45 of 3rd period - Wrist shot by Nikita Kucherov.
8:45 of 3rd period - Stopped by Petr Mrazek with a rebound.
8:47 of 3rd period - Snap shot by Nikita Kucherov.
8:47 of 3rd period - Deflect By Anze Kopitar.
8:47 of 3rd period - Goal by Anze Kopitar - Kings : 2 - Panthers : 3.
8:48 of 3rd period - Matt Duchene wins face-off versus Anze Kopitar in neutral zone.
8:57 of 3rd period - Wrist shot by Marek Svatos.
8:57 of 3rd period - Shot Misses the Net.
8:59 of 3rd period - Wrist shot by Marek Svatos.
8:59 of 3rd period - Shot Misses the Net.
9:01 of 3rd period - Wrist shot by Marek Svatos.
9:01 of 3rd period - Shot Blocked by Dougie Hamilton.
9:03 of 3rd period - Snap shot by Jonathan Sigalet.
9:03 of 3rd period - Stopped by John Gibson without a rebound.
9:04 of 3rd period - Chad Larose wins face-off versus Anze Kopitar in Kings zone.
9:05 of 3rd period - Snap shot by Travis Zajac.
9:05 of 3rd period - Shot Misses the Net.
9:07 of 3rd period - Slapshot by David Booth.
9:07 of 3rd period - Goal by David Booth - Kings : 2 - Panthers : 4.
9:08 of 3rd period - Matt Duchene wins face-off versus Anze Kopitar in neutral zone.
9:11 of 3rd period - Anze Kopitar is hit by Jonathan Sigalet and loses puck.
9:46 of 3rd period - Snap shot by Stephen Weiss.
9:46 of 3rd period - Shot Blocked by Anze Kopitar.
9:58 of 3rd period - Gabriel Landeskog is hit by Patrick Eaves and loses puck.
10:05 of 3rd period - Wrist shot by Daniel Paille.
10:05 of 3rd period - Stopped by John Gibson with a rebound.
10:07 of 3rd period - Wrist shot by Daniel Paille.
10:07 of 3rd period - Stopped by John Gibson with a rebound.
10:09 of 3rd period - Snap shot by Kyle Wellwood.
10:09 of 3rd period - Stopped by John Gibson with a rebound.
10:11 of 3rd period - Snap shot by Daniel Paille.
10:11 of 3rd period - Goal by Daniel Paille - Kings : 2 - Panthers : 5.
10:12 of 3rd period - Gilbert Brule wins face-off versus Matt Duchene in neutral zone.
10:17 of 3rd period - Snap shot by Gilbert Brule.
10:17 of 3rd period - Stopped by Petr Mrazek without a rebound.
10:18 of 3rd period - Gilbert Brule wins face-off versus Matt Duchene in Panthers zone.
10:19 of 3rd period - Wrist shot by Clarke MacArthur.
10:19 of 3rd period - Stopped by Petr Mrazek with a rebound.
10:33 of 3rd period - Jonathan Sigalet is hit by Gilbert Brule and loses puck.
10:54 of 3rd period - Jonathan Sigalet is hit by Shea Weber and loses puck.
11:41 of 3rd period - Wrist shot by David Booth.
11:41 of 3rd period - Stopped by John Gibson with a rebound.
11:43 of 3rd period - Slapshot by Brandon Gormley.
11:43 of 3rd period - Shot Blocked by Darnell Nurse.
11:51 of 3rd period - Minor Penalty to Darnell Nurse for Tripping.
11:52 of 3rd period - Blake Wheeler wins face-off versus Travis Zajac in Kings zone.
12:01 of 3rd period - David Booth is hit by Blake Wheeler.
12:05 of 3rd period - Wrist shot by Daniel Carcillo.
12:05 of 3rd period - Stopped by Petr Mrazek with a rebound.
13:13 of 3rd period - Jeff Schultz is hit by Drew Stafford and loses puck.
13:18 of 3rd period - Wrist shot by Drew Stafford.
13:18 of 3rd period - Shot Blocked by Adam Burish.
13:20 of 3rd period - Slapshot by Drew Stafford.
13:20 of 3rd period - Shot Blocked by Nick Leddy.
13:37 of 3rd period - Icing by Taylor Chorney.
13:38 of 3rd period - Travis Zajac wins face-off versus Anze Kopitar in Panthers zone.
13:38 of 3rd period - Travis Zajac is hit by Anze Kopitar.
13:51 of 3rd period - Penalty to Darnell Nurse is over, Darnell Nurse is back on ice.
14:46 of 3rd period - Nick Leddy is hit by Taylor Chorney and loses puck.
14:51 of 3rd period - Wrist shot by Travis Zajac.
14:51 of 3rd period - Shot Misses the Net.
15:31 of 3rd period - Wrist shot by Matt Duchene.
15:31 of 3rd period - Goal by Matt Duchene - Kings : 2 - Panthers : 6.
15:32 of 3rd period - Travis Zajac wins face-off versus Anze Kopitar in neutral zone.
16:24 of 3rd period - Snap shot by Adam Burish.
16:24 of 3rd period - Stopped by Petr Mrazek with a rebound.
16:46 of 3rd period - Slapshot by Jeff Schultz.
16:46 of 3rd period - Shot Misses the Net.
16:58 of 3rd period - Minor Penalty to Patrick Eaves for Tripping.
16:59 of 3rd period - Anze Kopitar wins face-off versus Travis Zajac in Panthers zone.
17:24 of 3rd period - Travis Zajac is hit by Tomas Kopecky and loses puck.
18:58 of 3rd period - Penalty to Patrick Eaves is over, Patrick Eaves is back on ice.
19:04 of 3rd period - Slapshot by Blake Wheeler.
19:04 of 3rd period - Goal by Blake Wheeler - Kings : 3 - Panthers : 6.
19:05 of 3rd period - Matt Duchene wins face-off versus Vincent Lecavalier in neutral zone.
19:32 of 3rd period - Slapshot by David Booth.
19:32 of 3rd period - Shot Misses the Net.
19:34 of 3rd period - Wrist shot by Chad Larose.
19:34 of 3rd period - Shot Misses the Net.
19:36 of 3rd period - Snap shot by Travis Zajac.
19:36 of 3rd period - Deflect By Chad Larose.
19:36 of 3rd period - Shot Misses the Net.
19:36 of 3rd period - Puck is out of play.
19:37 of 3rd period - Travis Zajac wins face-off versus Anze Kopitar in Kings zone.
19:40 of 3rd period - Snap shot by Travis Zajac.
19:40 of 3rd period - Stopped by John Gibson without a rebound.
19:41 of 3rd period - Travis Zajac wins face-off versus Anze Kopitar in Kings zone.
Goals for this period are 2 for Kings vs 3 for Panthers.
Shots for this period are 11 for Kings vs 14 for Panthers.